 Dungeon Crawl Stone Soup version 0.16-a0-3467-gfe061fe (webtiles) character file.

980 NewYearsCrawler the Cleaver (level 8, -2/64 HPs)
             Began as a Hill Orc Berserker on Jan 2, 2015.
             Was a Believer of Trog.
             Succumbed to poison (a potion of poison)
             ... on level 6 of the Dungeon.
             The game lasted 00:04:57 (3443 turns).

NewYearsCrawler the Cleaver (Hill Orc Berserker)    Turns: 3443, Time: 00:04:57

Health: -2/64      AC:  7    Str: 22    XL:     8   Next: 17%
Magic:  8/8        EV: 11    Int: 12    God:    Trog [**....]
Gold:   195        SH:  0    Dex: 10    Spells: 0 memorised, 7 levels left

rFire  . . .     SeeInvis .     e - +0 war axe
rCold  . . .     Clarity  .     n - +0 ring mail
rNeg   . . .     SustAb   .     (no shield)
rPois  .         Gourm    .     h - +1 helmet
rElec  .         Spirit   .     (no cloak)
rCorr  .         Warding  .     (no gloves)
rMut   .         Stasis   .     (no boots)
MR     .....                    (no amulet)
Stlth  ..........               (no ring)
                                (no ring)

@: brilliant, lethally poisoned, very slightly contaminated, hasted, drained,
very quick, not resistant to hostile enchantments, extremely unstealthy
A: no striking features
a: Burn Spellbooks, Berserk, Trog's Hand, Renounce Religion


You were on level 6 of the Dungeon.
You worshipped Trog.
Trog was pleased with you.
You were not hungry.

You visited 1 branch of the dungeon, and saw 6 of its levels.

You collected 195 gold pieces.

Inventory:

Hand weapons
 a - a +0 hand axe
 e - a +0 war axe (weapon)
Armour
 h - a +1 helmet (worn)
 n - a +0 ring mail (worn)
Scrolls
 j - a scroll of enchant armour
 o - a scroll of random uselessness {unknown}
 q - a scroll of identify {unknown}
Potions
 b - a potion of haste
Books
 p - a book of Minor Magic

   Spells                             Type                      Level
   a - Magic Dart                     Conjuration                  1
   b - Blink                          Translocation                2
   c - Call Imp                       Summoning                    2
   d - Repel Missiles                 Charms/Air                   2
   e - Slow                           Hexes                        2
   f - Conjure Flame                  Conjuration/Fire             3
   g - Mephitic Cloud                 Conjuration/Poison/Air       3
   Trog disapproves of the use of such an item.
Comestibles
 c - 3 meat rations
 f - a royal jelly
 g - a chunk of flesh
 i - 2 beef jerkies
 k - 3 bread rations
 l - 3 fruits


   Skills:
 - Level 3.6(3.1) Fighting
 * Level 12.2(11.7) Axes
 - Level 2.1(1.7) Armour
 - Level 1.5(1.1) Dodging


You had 7 spell levels left.
You didn't know any spells.

Dungeon Overview and Level Annotations

Branches:
Dungeon (6/15)
 Temple: D:4-7

Altars:
Makhleb
Ru
Sif Muna
Zin


Message History

It was a potion of poison.
That liquid tasted very nasty...
You are more poisoned.
* * * LOW HITPOINT WARNING * * *
You feel very sick.
The centaur shoots a poisoned arrow.
The poisoned arrow barely misses you.
Drink which item? (? for menu, Esc to quit)
You feel clever all of a sudden.
* * * LOW HITPOINT WARNING * * *
You feel very sick.
Drink which item? (? for menu, Esc to quit)
You feel yourself speed up.
* * * LOW HITPOINT WARNING * * *
You feel very sick.
The centaur shoots a poisoned arrow.
The poisoned arrow completely misses you.
The centaur shoots a poisoned arrow.
The poisoned arrow closely misses you.
You are very lightly contaminated with residual magic.
* * * LOW HITPOINT WARNING * * *
You feel very sick.
You die...

#....##### #....#.)..
#.<....### #.........
#....##### ##### #)...#
#...# #....# . #.!.#
##..##
#....#.@!##############
#.$.l.((((((...>...##
###.c.############...
#...# #### #...# #####


You could see a centaur and a giant gecko.

Vanquished Creatures
  Grinder (D:4)
  A centaur (D:6)
  An ogre (D:6)
  3 elf zombies (D:4)
  2 elf skeletons (D:4)
  A human zombie (D:4)
  A centaur skeleton (D:4)
  An iguana (D:5)
  2 hounds (D:4)
  A worker ant (D:5)
  A killer bee zombie (D:5)
  3 adders
  A worm (D:4)
  8 orcs
  3 giant cockroaches
  7 hobgoblins
  6 kobolds
  3 quokkas
  9 bats
  3 giant newts
  5 goblins
  A jackal skeleton (D:4)
  3 orc skeletons (D:4)
  2 orc zombies (D:4)
  A quokka skeleton (D:6)
  5 rats
75 creatures vanquished.

Notes
Turn   | Place    | Note
--------------------------------------------------------------
     0 | D:1      | NewYearsCrawler, the Hill Orc Berserker, began the quest for the Orb.
     0 | D:1      | Reached XP level 1. HP: 19/19 MP: 1/1
   601 | D:2      | Reached XP level 2. HP: 26/26 MP: 2/2
   734 | D:3      | Found a deep blue altar of Sif Muna.
   746 | D:3      | Found a sacrificial altar of Ru.
   807 | D:3      | Reached skill level 5 in Axes
   856 | D:3      | Acquired Trog's second power
   941 | D:4      | Reached XP level 3. HP: 17/31 MP: 3/3
   946 | D:4      | Reached skill level 6 in Axes
  1305 | D:4      | Noticed Grinder
  1306 | D:4      | Reached XP level 4. HP: 28/39 MP: 4/4
  1318 | D:4      | Reached skill level 7 in Axes
  1328 | D:4      | Killed Grinder
  1328 | D:4      | Reached skill level 9 in Axes
  1328 | D:4      | Reached XP level 5. HP: 18/45 MP: 5/5
  1328 | D:4      | Reached XP level 6. HP: 20/51 MP: 6/6
  1657 | D:4      | Noticed an elf skeleton
  1675 | D:4      | Killed an elf skeleton
  1693 | D:4      | Noticed an elf skeleton
  1714 | D:4      | Killed an elf skeleton
  1714 | D:4      | Reached skill level 10 in Axes
  1714 | D:4      | Reached XP level 7. HP: 15/57 MP: 7/7
  1844 | D:4      | Noticed an elf zombie
  1993 | D:4      | Noticed an elf zombie
  2015 | D:4      | Killed an elf zombie
  2021 | D:4      | Noticed an elf zombie
  2224 | D:4      | Killed an elf zombie
  2370 | D:4      | Killed an elf zombie
  2370 | D:4      | Reached skill level 11 in Axes
  2443 | D:5      | Entered Level 5 of the Dungeon
  3148 | D:6      | Found a burning altar of Makhleb.
  3151 | D:6      | Noticed an Executioner
  3157 | D:6      | Found a glowing silver altar of Zin.
  3158 | D:6      | Noticed an angel
  3217 | D:6      | Reached XP level 8. HP: 46/64 MP: 8/8
  3292 | D:6      | Reached skill level 12 in Axes
  3442 | D:6      | HP: 1/64 [poison (a potion of poison)]
  3443 | D:6      | Succumbed to poison (a potion of poison)

Action                   |  1- 3 |  4- 6 |  7- 9 || total
-------------------------+-------+-------+-------++-------
Melee: Hand axe          |    73 |   103 |   150 ||   326
       War axe           |       |       |    55 ||    55
Invok: Berserk           |       |     1 |       ||     1
  Use: Scroll            |     4 |       |     3 ||     7
       Potion            |       |     5 |     3 ||     8
  Eat: Chunk             |     1 |     3 |     4 ||     8
       Beef jerky        |       |       |     1 ||     1
